[Event "FIDE Womens GP Gibraltar 2021"]
[Site "Caleta"]
[Date "2021.05.25"]
[Round "4.3"]
[White "Saduakassova, Dinara"]
[Black "Kashlinskaya, Alina"]
[Result "1/2-1/2"]
[ECO "D73"]
[WhiteElo "2500"]
[BlackElo "2494"]
[Annotator "ChessBase"]
[PlyCount "23"]
[EventDate "2021.05.22"]
[EventType "tourn"]
[EventCountry "GGB"]
[Tiebreak "Koya+Number of black wins+Number of wins"]
[SourceTitle "playchess.com"]
[Source "ChessBase"]
[SourceQuality "1"]
[TimeControl "40/5400+30:1800+30"]

1. d4 Nf6 2. c4 g6 3. g3 c5 4. Nf3 Bg7 5. Bg2 cxd4 6. Nxd4 O-O 7. O-O d5 8. cxd5 Nxd5 9. Nb5 Be6 10. Nd4 Bc8 11. Nb5 Be6 12. Nd4 1/2-1/2

[Event "FIDE Womens GP Gibraltar 2021"]
[Site "Caleta"]
[Date "2021.05.25"]
[Round "4.6"]
[White "Bulmaga, Irina"]
[Black "Abdumalik, Zhansaya"]
[Result "1/2-1/2"]
[ECO "B33"]
[WhiteElo "2440"]
[BlackElo "2472"]
[Annotator "ChessBase"]
[PlyCount "62"]
[EventDate "2021.05.22"]
[EventType "tourn"]
[EventCountry "GGB"]
[Tiebreak "Koya+Number of black wins+Number of wins"]
[SourceTitle "playchess.com"]
[Source "ChessBase"]
[SourceQuality "1"]
[TimeControl "40/5400+30:1800+30"]

1. e4 c5 2. Nf3 e6 3. d4 cxd4 4. Nxd4 Nf6 5. Nc3 Nc6 6. Ndb5 d6 7. Bf4 e5 8. Bg5 a6 9. Na3 b5 10. Nd5 Be7 11. Bxf6 Bxf6 12. c3 Ne7 13. Nxf6+ gxf6 14. c4 Qa5+ 15. Qd2 Qxd2+ 16. Kxd2 bxc4 17. Nxc4 O-O 18. Nb6 Rb8 19. Nxc8 Rfxc8 20. b3 a5 21. Rc1 Rxc1 22. Kxc1 f5 23. exf5 Nxf5 24. Bc4 Kg7 25. Rd1 Nd4 26. Kb2 Kf6 27. Rd3 h5 28. Rh3 Kg6 29. Rg3+ Kf6 30. Rh3 Kg6 31. Rg3+ Kf6 1/2-1/2

[Event "FIDE Womens GP Gibraltar 2021"]
[Site "Caleta"]
[Date "2021.05.29"]
[Round "7.5"]
[White "Lagno, Kateryna"]
[Black "Paehtz, Elisabeth"]
[Result "1/2-1/2"]
[ECO "B92"]
[WhiteElo "2546"]
[BlackElo "2456"]
[Annotator "ChessBase"]
[PlyCount "102"]
[EventDate "2021.05.22"]
[EventType "tourn"]
[EventCountry "GGB"]
[Tiebreak "Koya+Number of black wins+Number of wins"]
[SourceTitle "playchess.com"]
[Source "ChessBase"]
[SourceQuality "1"]
[TimeControl "40/5400+30:1800+30"]

1. e4 c5 2. Nf3 d6 3. d4 cxd4 4. Nxd4 Nf6 5. Nc3 a6 6. Be2 e5 7. Nf3 Be7 8. Bg5 Be6 9. Bxf6 Bxf6 10. Nd5 Nd7 11. O-O O-O 12. a4 Rc8 13.
c3 Be7 14. a5 Nf6 15. Nb6 Rc6 16. Ng5 Bc8 17. Nxc8 Qxc8 18. Qc2 Qc7 19. Rfd1 Rc5 20. Qa4 Bd8 21. Nf3 Rxa5 22. Qxa5 Qxa5 23. Rxa5 Bxa5 24. Rxd6 Bc7 25. Rd1 Rd8 26. Rxd8+ Bxd8 27. Nxe5 Nxe4 28. Bf3 Nd6 29. Kf1 a5 30. Ke2 Kf8 31. Bd5 Ke7 32. Nd3 b6 33. Ne5 Bc7 34. Nc6+ Kf6 35.
g3 Nc8 36. Bg2 Ne7 37. Nd4 Bd6 38. Nb3 Ke6 39. Kd3 Kd7 40. Nd4 Bc5 41. Kc4 g6 42. Bh3+ Kc7 43. b4 Bxd4 44. Kxd4 Nc6+ 45. Kc4 Ne5+ 46. Kb5 axb4 47. cxb4 Nf3 48. Kc4 Kd6 49. Kb5 Kc7 50. Kc4 Kd6 51. Kb5 Ke5 1/2-1/2

[Event "FIDE Womens GP Gibraltar 2021"]
[Site "Caleta"]
[Date "2021.05.31"]
[Round "9.6"]
[White "Saduakassova, Dinara"]
[Black "Paehtz, Elisabeth"]
[Result "1/2-1/2"]
[ECO "E04"]
[WhiteElo "2500"]
[BlackElo "2456"]
[Annotator "ChessBase"]
[PlyCount "60"]
[EventDate "2021.05.22"]
[EventType "tourn"]
[EventCountry "GGB"]
[Tiebreak "Koya+Number of black wins+Number of wins"]
[SourceTitle "playchess.com"]
[Source "ChessBase"]
[SourceQuality "1"]
[TimeControl "40/5400+30:1800+30"]

1. d4 d5 2. c4 e6 3. Nf3 Nf6 4. g3 Bb4+ 5. Bd2 a5 6. Bg2 dxc4 7. O-O O-O 8. Bg5 h6 9. Bxf6 Qxf6 10. Qc2 Nc6 11. Qxc4 e5 12. a3 Bd6 13. d5 Nb8 14. Nc3 Na6 15. Nd2 Bd7 16. Nde4 Qe7 17. Rfc1 f5 18. Nxd6 cxd6 19. b4 Qd8 20. Qb3 axb4 21. axb4 Qb6 22. Na4 Bxa4 23. Qxa4 Nc7 24. Qd7 Rxa1 25. Rxa1 Rf7 26. Qc8+ Rf8 27. Qd7 Rf7 28. Qc8+ Rf8 29. Qd7 Rf7 30. Qc8+ Rf8 1/2-1/2